 Dungeon Crawl Stone Soup version 0.18.1-50-g88ac8fd (webtiles) character file.

178 wutend the Stinger (level 5, -6/45 HPs)
             Began as a Naga Venom Mage on June 30, 2019.
             Mangled by a river rat (8 damage)
             ... on level 3 of the Dungeon.
             The game lasted 00:23:12 (3527 turns).

wutend the Stinger (Naga Venom Mage)                Turns: 3527, Time: 00:23:12

Health: -6/45      AC:  2    Str: 10    XL:     5   Next: 58%
Magic:  1/8        EV: 10    Int: 16    God:
Gold:   129        SH:  0    Dex: 12    Spells: 2 memorised, 4 levels left

rFire  . . .     SeeInvis +     f - +0 short sword
rCold  . . .     Gourm    .     a - +0 robe
rNeg   . . .     Faith    .     (no shield)
rPois  +         Spirit   .     (no helmet)
rElec  .         Dismiss  .     (no cloak)
rCorr  .         Reflect  .     (no gloves)
SustAt .         Harm     .     (no barding)
MR     .....                    (no amulet)
Stlth  ++........               (no ring)
                                h - ring of flight

@: very slightly contaminated, very slow, not resistant to hostile enchantments,
unstealthy
A: see invisible, deformed body, poison resistance, slowness 2, slow metabolism
1, spit poison 2, AC +1
a: Spit Poison, Evoke Flight


You were on level 3 of the Dungeon.
You were hungry.

You visited 1 branch of the dungeon, and saw 3 of its levels.

You collected 129 gold pieces.

Inventory:

Hand Weapons
 f - a +0 short sword (weapon)
 k - a +1 whip
Armour
 a - a +0 robe (worn)
Jewellery
 h - a ring of flight (left hand)
Scrolls
 n - a scroll of remove curse
Potions
 e - a potion of curing
 g - a potion of flight {unknown}
 j - a potion of magic {unknown}
 m - a potion of cure mutation {unknown}
Books
 b - a Young Poisoner's Handbook

   Spells                             Type                      Level
   a - Sting                          Conjuration/Poison           1
   b - Cure Poison                    Poison                       2
   c - Mephitic Cloud                 Conjuration/Poison/Air       3
   d - Olgreb's Toxic Radiance        Poison                       4
   e - Venom Bolt                     Conjuration/Poison           5
Comestibles
 c - 2 bread rations
 d - 3 fruits
 i - a chunk of flesh
 l - a slice of pizza


   Skills:
 - Level 2.0 Fighting
 - Level 1.5 Dodging
 - Level 3.0 Stealth
 - Level 2.0 Spellcasting
 - Level 3.0 Conjurations
 + Level 3.2 Air Magic
 - Level 5.3 Poison Magic


You had 4 spell levels left.
You knew the following spells:

 Your Spells              Type           Power        Failure   Level  Hunger
a - Sting                 Conj/Pois      ##..         4%          1    #......
b - Mephitic Cloud        Conj/Pois/Air  ##......     14%         3    ###....


Dungeon Overview and Level Annotations

Branches:
Dungeon (3/15)

Altars:
Nemelex Xobeh
Okawaru
Qazlal
Ru


Innate Abilities, Weirdness & Mutations

You cannot wear boots.
Your serpentine skin is tough (AC +1).
You have supernaturally acute eyesight.
Armour fits poorly on your strangely shaped body.
Your system is resistant to poisons.
You cover ground very slowly.
You have a slow metabolism.
You can spit poison.


Message History

Aim: a river rat (moderately wounded)
You miscast Sting.
You are very lightly contaminated with residual magic.
Your hair stands on end.
The river rat bites you!
* * * LOW HITPOINT WARNING * * *
You take 9 damage, and have 2/45 hp.
You now have 0/8 mp.
You closely miss the river rat.
The river rat is moderately wounded.
The river rat bites you but does no damage.
Unknown command.
You closely miss the river rat.
The river rat is moderately wounded.
The river rat completely misses you.
You hit the river rat.
The river rat is heavily wounded.
The river rat bites you but does no damage.
You closely miss the river rat.
The river rat is heavily wounded.
The river rat bites you!
You die...

#.# #.# #.# #.#
###############.##
#(................
#.################
#r# ######@#
#≈.....# #≈≈....#
#≈≈%†..# #≈≈≈≈..#
#.≈≈≈≈.# ########


You could see a river rat.

Vanquished Creatures
  3 gnolls (D:2)
  6 adders
  A river rat (D:3)
  4 worms
  2 dart slugs (D:1)
  A giant gecko (D:3)
  8 orcs (D:3)
  3 ball pythons
  5 bats
  6 giant cockroaches
  4 goblins
  6 hobgoblins
  3 jackals (D:2)
  A quokka (D:3)
  6 giant newts
  3 kobolds (D:2)
  7 rats
69 creatures vanquished.

Notes
Turn   | Place    | Note
--------------------------------------------------------------
     0 | D:1      | wutend the Naga Venom Mage began the quest for the Orb.
     0 | D:1      | Reached XP level 1. HP: 15/15 MP: 3/3
   158 | D:1      | Reached skill level 1 in Fighting
   188 | D:1      | Reached XP level 2. HP: 25/25 MP: 1/5
  1030 | D:1      | Reached skill level 1 in Conjurations
  1030 | D:1      | Reached XP level 3. HP: 21/32 MP: 0/6
  1035 | D:1      | Learned a level 3 spell: Mephitic Cloud
  1749 | D:2      | Reached skill level 1 in Air Magic
  1749 | D:2      | Reached XP level 4. HP: 25/39 MP: 4/7
  1986 | D:2      | meem: I am meem, an upgrade of beem built by MalcolmRose (check out Malcolm's DCSS vids and other projects at http://youtube.com/malcolmrosegaming). To have me follow you in your games, type !subscribemeem - to make me go away forever, type !quitmeem - For help, type: !meem
  2712 | D:2      | Found a sacrificial altar of Ru.
  3022 | D:3      | Reached XP level 5. HP: 42/45 MP: 4/8
  3129 | D:3      | Found an iron altar of Okawaru.
  3202 | D:3      | Found a sparkling altar of Nemelex Xobeh.
  3204 | D:3      | Found a stormy altar of Qazlal.
  3487 | D:3      | Found a glowing drain.
  3523 | D:3      | HP: 2/45 [river rat (9)]
  3527 | D:3      | Mangled by a river rat

Skill      XL: |  1  2  3  4  5 |
---------------+----------------+-----
Fighting       | 1 2 |  2.0
Conjurations   | 1 2 3 |  3.0
Air Magic      | 1 2 3 |  3.2
Dodging        | |  1.5
Stealth        | |  3.0
Spellcasting   | |  2.0
Poison Magic   | |  5.3

Action                   |  1- 3 |  4- 6 || total
-------------------------+-------+-------++-------
Melee: Unarmed           |    33 |       ||    33
       Whip              |    11 |    53 ||    64
       Club              |    11 |       ||    11
       Short sword       |       |    23 ||    23
 Cast: Sting             |    64 |    63 ||   127
       Mephitic Cloud    |       |     3 ||     3
  Use: Scroll            |     3 |     3 ||     6
 Stab: Confused          |       |     2 ||     2
  Eat: Chunk             |     3 |     5 ||     8
Armor: Robe              |    19 |    23 ||    42
Dodge: Dodged            |    61 |    51 ||   112
